Get step-by-step instructions on how to execute this build order below. Start the game timer, and the build order will tick by so you can play in parallel with StarCraft on a second screen or mobile device.

Game Time

  0:00

Last Step

  N/A

Next Step

  12  0:01  Probe  

Upcoming Step

  13  0:18  Pylon  

Don't want to look back and forth between 2 screens? Try out our Overwolf App, the Spawning Tool Build Advisor to get an in-game overlay with this build!

Complete Build Order

  12  0:01  Probe  
  13  0:18  Pylon  
  13  0:25  Assimilator  
  13  0:26  Probe  
  14  0:39  Probe  
  14  0:41  Gateway  
  15  0:47  Probe  
  15  0:53  Assimilator  
  15  0:56  Probe  
  17  1:04  Probe  
  18  1:12  Probe  
  19  1:22  Probe  
  20  1:34  Probe  
  21  1:46  Probe, Cybernetics Core  
  22  1:58  Probe  
  23  2:17  Pylon  
  23  2:25  Stargate  
  23  2:35  Probe  
  24  2:47  Probe  
  25  2:59  Probe  
  26  3:11  Fleet Beacon  
  26  3:12  Void Ray  
  30  3:29  Assimilator  
  30  3:33  Assimilator  
  30  4:26  Pylon  
  30  4:30  Pylon  
  30  4:33  Pylon  
  30  4:34  Carrier  
  36  5:11  Nexus  
  36  5:15  Assimilator  
  36  5:19  Assimilator  
  36  5:28  Carrier  
  36  5:33  Nexus  
  42  5:47  Stargate  
  42  6:14  Probe  
  43  6:20  Protoss Air Weapons Level 1  
  43  6:26  Pylon, Probe  
  43  6:30  Pylon  
  44  6:34  Carrier  
  44  6:38  Probe  
  45  6:44  Probe  
  46  6:50  Probe  
  46  6:53  Probe  
  54  6:57  Probe  
  55  7:02  Probe  
  55  7:05  Probe  
  57  7:09  Probe  
  57  7:15  Probe  
  59  7:17  Probe  
  59  7:21  Probe  
  59  7:22  Carrier  
  61  7:27  Probe  
  63  7:30  Probe  
  63  7:33  Probe  
  63  7:34  Carrier  
  70  7:39  Probe  
  70  7:42  Probe  
  72  7:45  Probe  
  72  7:51  Probe  
  80  7:54  Probe  
  80  7:57  Probe  
  82  8:06  Probe  
  82  8:08  Pylon  
  82  8:09  Probe  
  82  8:10  Pylon  
  84  8:14  Pylon  
  84  8:18  Pylon  
  84  8:19  Stargate x2  
  84  8:30  Probe  
  85  8:42  Probe  
  86  8:54  Probe  
  83  9:06  Probe  
  71  9:18  Probe  
  72  9:24  Probe  
  72  9:30  Probe  
  74  9:36  Probe x2  
  76  9:39  Carrier x2  
  76  9:40  Carrier x2  
  76  9:42  Probe  
  101  9:48  Probe x2  
  101  9:51  Pylon  
  103  9:54  Probe  
  103  9:55  Pylon  
  103  9:58  Pylon  
  104  10:00  Probe  
  104  10:02  Pylon  
  104  10:06  Pylon, Probe  
  106  10:12  Probe  
  107  10:18  Probe  
  108  10:31  Probe  
  109  10:40  Anion Pulse-Crystals  
  109  10:43  Carrier, Mothership  
  109  10:44  Carrier  
  129  11:05  Carrier  
  135  11:14  Protoss Air Armor Level 1  
  135  11:28  Forge  
  135  11:30  Cybernetics Core  
  120  12:56  Carrier  
  120  12:57  Carrier x3  
  144  14:01  Carrier x3  
  162  14:52  Carrier  
  150  15:05  Carrier x3  
  130  15:57  Carrier  
  136  16:09  Carrier x3  
  154  16:17  Mothership  
  162  16:27  Nexus  
  162  16:33  Assimilator x2  
  160  17:14  Carrier  
  160  17:16  Carrier  
  82  21:48  Pylon  
  82  21:49  Pylon  
  82  21:50  Pylon  
  82  21:51  Pylon  
  79  22:33  Pylon